 Dungeon Crawl Stone Soup version 0.26-a0-597-gb535b0901c (webtiles) character file.

Game seed: 9238346601514746576

497 HoaS the Twirler (level 7, -1/52 HPs)
             Began as a Formicid Fighter on Aug 29, 2020.
             Slain by an ogre
             ... wielding a +0 giant spiked club
              (20 damage)
             ... on level 4 of the Dungeon.
             The game lasted 00:07:06 (3095 turns).

HoaS the Twirler (Formicid Fighter)                 Turns: 3095, Time: 00:07:07

Health: -1/52      AC:  8    Str: 22    XL:     7   Next: 39%
Magic:  7/7        EV:  8    Int:  8    God:
Gold:   153        SH: 11    Dex: 10    Spells: 6/6 levels left

rFire    . . .     SeeInvis +   a - +2 quarterstaff
rCold    . . .     Faith    .   c - +1 kite shield
rNeg     . . .     Spirit   .   b - +0 scale mail
rPois    .         Reflect  .   (helmet unavailable)
rElec    .         Harm     .   l - +0 cloak
rCorr    .                      (no gloves)
MR       .....                  (no boots)
Stlth    ..........             (no amulet)
HPRegen  0.17/turn              (no ring)
MPRegen  0.10/turn              (no ring)

@: no status effects
A: permanent stasis, dig shafts and tunnels, four strong arms, antennae 3
a: Dig, Shaft Self


You were on level 4 of the Dungeon.
You visited 1 branch of the dungeon, and saw 4 of its levels.

You collected 153 gold pieces.

Inventory:

Hand Weapons
 a - a +2 quarterstaff (weapon)
Armour
 b - a +0 scale mail (worn)
 c - a +1 kite shield (worn)
 l - a +0 cloak (worn)
Scrolls
 f - 5 scrolls of remove curse
 h - a scroll of enchant armour
 j - a scroll of identify
Potions
 d - a potion of flight {unknown}
 e - a potion of stabbing
 g - a potion of ambrosia {unknown}
 i - 8 potions of curing


   Skills:
 - Level 3.2 Fighting
 * Level 6.3 Staves
 - Level 3.2 Armour
 + Level 6.2 Shields


You had 6 spell levels left.
You didn't know any spells.
Your spell library was empty.

Dungeon Overview and Level Annotations

Branches:
Dungeon (4/15)
 Temple: D:4-7

Altars:


Innate Abilities, Weirdness & Mutations

You cannot be hasted, slowed, berserked, paralysed or teleported.
You can dig through walls and to a lower floor.
Your four strong arms can wield two-handed weapons with a shield.
You have a pair of large antennae on your head. (SInv)


Message History

Your +1 quarterstaff glows red for a moment.
A worker ant comes into view.
Okay, then.
You aren't carrying any pieces of jewellery.
You hit the ogre.
The ogre is moderately wounded.
You block the ogre's attack.
You hit the ogre.
The ogre is moderately wounded.
You hit the ogre.
The ogre is heavily wounded.
The ogre hits you with a +0 giant spiked club!
You hit the ogre.
The ogre is heavily wounded.
The ogre hits you with a +0 giant spiked club!!
You are too injured to fight recklessly!
You sock the ogre!
The ogre is almost dead.
The ogre hits you with a +0 giant spiked club!!
You die...

.........#..#)#..#
..a......'.).<...#
.........#.)#.#.##
[............##.....#
##.............##...##
........#.......#####
#......##......##
#....{..#..#...##
#.......####..O@#
.:.......##....##
..............##
......##...#### .....
#.### .... ### ... ..
.


You could see an ogre.

Vanquished Creatures
  An ogre (D:2)
  A scorpion (D:2)
  2 hounds (D:4)
  A centaur skeleton (D:4)
  2 orc wizards
  2 bullfrog skeletons (D:4)
  2 adders
  4 gnolls
  5 oozes
  A dart slug (D:1)
  A leopard gecko (D:2)
  9 orcs
  3 giant cockroaches
  11 goblins
  8 hobgoblins
  4 jackals (D:3)
  6 kobolds
  A quokka (D:3)
  6 bats
  4 frilled lizards
  10 rats
84 creatures vanquished.

Notes
Turn   | Place    | Note
-------+----------+-------------------------------------------
     0 | D:1      | HoaS the Formicid Fighter began the quest for the Orb.
     0 | D:1      | Reached XP level 1. HP: 18/18 MP: 1/1
    49 | D:1      | Reached XP level 2. HP: 21/24 MP: 2/2
   186 | D:1      | Reached XP level 3. HP: 29/29 MP: 3/3
   400 | D:1      | Reached XP level 4. HP: 26/35 MP: 4/4
   778 | D:2      | Noticed an ogre
   792 | D:2      | Killed an ogre
   792 | D:2      | Reached skill level 5 in Shields
   792 | D:2      | Reached XP level 5. HP: 15/41 MP: 5/5
  1255 | D:2      | Reached skill level 5 in Staves
  1255 | D:2      | Reached XP level 6. HP: 31/47 MP: 6/6
  2546 | D:4      | Reached XP level 7. HP: 34/52 MP: 7/7
  3095 | D:4      | Slain by an ogre

Illustrated notes

Levels and vault maps discovered:
D:1:      minmay_arrival_solitary_statue, layout_rooms, minmay_misc_feat_tiny,
          minmay_pentomino_p4
D:2:      layout_rooms, serial_park_tiny_2
D:3:      layout_basic, hangedman_decor_growths
D:4:      layout_cave_pools, kennysheep_small_circle

Skill      XL: |  1  2  3  4  5  6  7 |
---------------+----------------------+-----
Shields        | 4 5 6 |  6.2
Staves         | 3 4 5 6 |  6.3
Fighting       | |  3.2
Armour         | |  3.2

Action                   |  1- 3 |  4- 6 |  7- 9 || total
-------------------------+-------+-------+-------++-------
Melee: Quarterstaff      |    61 |   133 |    69 ||   263
  Use: Scroll            |     5 |     5 |     1 ||    11
       Potion            |       |     1 |       ||     1
Armor: Scale mail        |    20 |    50 |    26 ||    96
Dodge: Dodged            |    16 |    39 |    14 ||    69
Block: Kite shield       |    43 |    74 |    53 ||   170

Table legend: (Time is in decaauts)
 A = Elapsed time spent in this place.
 B = Non-inter-level travel time spent in this place.
 C = Inter-level travel time spent in this place.
 D = Time resting spent in this place.
 E = Time spent auto-exploring this place.
 F = Levels seen in this place.
 G = Mean time per level.
                   A        B        C        D        E       F      G
               +--------+--------+--------+--------+--------+-----+--------+
         Total |   3131 |   3020 |    111 |    866 |   1465 |   4 |  782.8 |
       Dungeon |   3131 |   3020 |    111 |    866 |   1465 |   4 |  782.8 |
               +--------+--------+--------+--------+--------+-----+--------+

Top non-repeatable levels by time:
     D:3: 1278 daAuts
     D:2: 903 daAuts
     D:1: 600 daAuts
     D:4: 349 daAuts
